 Dungeon Crawl Stone Soup version 0.30-a0-808-g6e0788376e (webtiles) character file.

Game seed: 10480362137336980668

1978 cforsyth the Covert (level 9, -1/56 HPs)
             Began as a Kobold Brigand on Feb 26, 2023.
             Was an Initiate of Hepliaklqana.
             Slain by an orc warrior
             ... wielding a +0 mace
              (7 damage)
             ... on level 5 of the Dungeon.
             The game lasted 00:10:29 (7590 turns).

cforsyth the Covert (Kobold Brigand)                Turns: 7590, Time: 00:10:30

Health: -1/56      AC:  8    Str:  9    XL:     9   Next: 43%
Magic:  9/9        EV: 19    Int: 12    God:    Hepliaklqana [......]
Gold:   352        SH:  0    Dex: 20    Spells: 8/8 levels left

rFire   + . .      SeeInvis +    a - +2 dagger
rCold   . . .      Faith    .    (no shield)
rNeg    + . .      Spirit   .    b - +0 robe
rPois   .          Reflect  .    (no helmet)
rElec   .          Harm     .    c - +0 cloak
rCorr   .          Rampage  .    r - +2 pair of gloves
Will    +....                    z - +1 pair of boots
Stlth   ++++++                   (no amulet)
HPRegen 0.29/turn                f - ring of see invisible
MPRegen 0.11/turn                y - ring of positive energy

@: mighty
A: small, no large weapons, nightstalker 3, fire resistance 1, strong-willed 1,
subdued magic 1
a: Renounce Religion


You were on level 5 of the Dungeon.
You worshipped Hepliaklqana.
Hepliaklqana was noncommittal.
You visited 2 branches of the dungeon, and saw 7 of its levels.

You collected 352 gold pieces.

Inventory:

Hand Weapons
 a - a +2 dagger (weapon)
Missiles
 d - 9 poisoned darts (quivered)
 e - 3 curare-tipped darts
 m - 3 datura-tipped darts
Armour
 b - a +0 robe (worn)
 c - a +0 cloak (worn)
 r - a +2 pair of gloves (worn)
 z - a +1 pair of boots (worn)
Jewellery
 f - a ring of see invisible (left hand)
 h - a ring of fire
 v - a ring of ice
 y - a ring of positive energy (right hand)
Wands
 s - a wand of digging (5)
Scrolls
 i - a scroll of poison {unknown}
 o - 2 scrolls of magic mapping
 q - 4 scrolls of enchant armour
 t - a scroll of amnesia
Potions
 j - 5 potions of lignification
 k - 2 potions of curing
 l - a potion of brilliance
 n - 2 potions of might
 p - a potion of mutation
 u - a potion of resistance {unknown}
 B - a potion of haste


   Skills:
 + Level 6.7 Fighting
 + Level 8.0 Short Blades
 - Level 2.1 Throwing
 + Level 7.1 Dodging
 + Level 10.0 Stealth


You had 8 spell levels left.
You didn't know any spells.
Your spell library contained the following spells:

 Spells                   Type           Power      Damage    Failure   Level
 Summon Small Mammal      Summ           0%         N/A       28%         1
 Blink                    Tloc           0%         N/A       41%         2
 Call Canine Familiar     Summ           0%         N/A       65%         3
 Summon Guardian Golem    Hex/Summ       0%         N/A       65%         3
 Manifold Assault         Tloc           0%         N/A       96%         4
 Storm Form               Tmut/Air       0%         N/A       100%        7


Dungeon Overview and Level Annotations

Branches:
Dungeon (6/15)             Temple (1/1) D:6

Altars:
Ashenzari
Cheibriados
Dithmenos
Fedhas
Hepliaklqana
Kikubaaqudgha
Makhleb
Nemelex Xobeh
Okawaru
Qazlal
Ru
Sif Muna
Trog
Uskayaw
Vehumet
Wu Jian
Xom
Yredelemnul
Zin
The Shining One

Shops:
D:1 (   D:2 !   D:3 ?*


Innate Abilities, Weirdness & Mutations

You are small and have problems with some larger weapons.
You are completely attuned to the shadows.
Your flesh is heat resistant. (rF+)
You are strong-willed. (Will+)
Your spells are a little easier to cast, but a little less powerful.


Message History

You hit the orc warrior but do no damage.
The orc warrior is lightly wounded.
The orc warrior hits you with a +0 mace.
You are too injured to fight recklessly!
You are too injured to fight recklessly!
You are too injured to fight recklessly!
You are too injured to fight recklessly!
You are too injured to fight recklessly!
You are too injured to fight recklessly!
You closely miss the orc warrior.
The orc warrior is lightly wounded.
The orc warrior hits you with a +0 mace.
You closely miss the orc warrior.
The orc warrior is lightly wounded.
You feel very mighty all of a sudden. The orc warrior closely misses you.
You closely miss the orc warrior.
The orc warrior is lightly wounded.
The orc warrior misses you.
You hit the orc warrior but do no damage.
The orc warrior is lightly wounded.
You closely miss the orc warrior.
The orc warrior is lightly wounded.
The orc warrior hits you with a +0 mace!
* * * LOW HITPOINT WARNING * * *
You hit the orc warrior.
The orc warrior is moderately wounded.
The orc warrior closely misses you.
You barely miss the orc warrior.
The orc warrior is moderately wounded.
You closely miss the orc warrior.
The orc warrior is moderately wounded.
The orc warrior hits you with a +0 mace!
* * * LOW HITPOINT WARNING * * *
You puncture the orc warrior!
The orc warrior is heavily wounded.
You hit the orc warrior but do no damage.
The orc warrior is heavily wounded.
The orc warrior hits you with a +0 mace!
You die...

## ##..<## #............#
###.. .### ##.g.##
#..#.......#####.... ...##
##...###..##...######......
....#####...#...######
###.....##
......####.....##
###.....###
<......####....#
###......##
........####...#
###......###
.........####.####......###
..........###..#@o.....##
........>..###.......###
.[........####......##
..........###.....###
.........###..##.)##
........####.####..##
.......## #..# ##.§##
......## ##.## ##§§##
.....## #.## ##§.##


You could see an orc warrior.

Vanquished Creatures
  Prince Ribbit (D:6)
  Sigmund (D:3)
  2 water moccasins (D:5)
  2 ice beasts (D:6)
  A black bear (D:6)
  A centaur (D:5)
  An ogre (D:4)
  A phantom (D:6)
  3 scorpions
  A bullfrog (D:6)
  A crimson imp (D:5)
  4 hounds
  A jelly (D:6)
  2 orc wizards (D:6)
  5 iguanas
  Terence (D:2)
  Robin (D:4)
  4 adders
  5 gnolls (D:5)
  A shadow imp (D:5)
  6 white imps
  2 ufetubi (D:5)
  A worm (D:2)
  3 dart slugs
  12 orcs
  3 endoplasms
  5 giant cockroaches
  8 hobgoblins
  6 jackals (D:1)
  5 kobolds
  3 quokkas
  14 ball pythons
  8 bats
  4 frilled lizards
  20 goblins
  5 rats
  A spectral orc (D:6)
145 creatures vanquished.

Vanquished Creatures (others)
  12 plants (D:2)
12 creatures vanquished.

Grand Total: 157 creatures vanquished

Notes
Turn   | Place    | Note
-------+----------+-------------------------------------------
     0 | D:1      | cforsyth the Kobold Brigand began the quest for the Orb.
     0 | D:1      | Reached XP level 1. HP: 12/12 MP: 1/1
   156 | D:1      | Reached XP level 2. HP: 18/18 MP: 2/2
   478 | D:1      | Reached XP level 3. HP: 19/22 MP: 3/3
   633 | D:1      | Found Monar's Weapon Emporium.
   921 | D:2      | Reached XP level 4. HP: 27/27 MP: 4/4
   960 | D:2      | Found a burning altar of Makhleb.
  1052 | D:2      | Reached skill level 6 in Stealth
  1188 | D:2      | Found a faded altar of an unknown god.
  1446 | D:2      | Found Puhoson's Distillery.
  1478 | D:2      | Noticed Terence
  1482 | D:2      | Killed Terence
  1483 | D:2      | Reached XP level 5. HP: 32/32 MP: 5/5
  1745 | D:3      | Found Aguomuci's Magic Scroll Emporium.
  2115 | D:3      | Found a stormy altar of Qazlal.
  2190 | D:3      | Found a blossoming altar of Fedhas.
  2225 | D:3      | Noticed Sigmund
  2229 | D:3      | Killed Sigmund
  2230 | D:3      | Reached XP level 6. HP: 38/38 MP: 6/6
  2436 | D:3      | Found Nifyulom's General Store.
  2728 | D:4      | Gained mutation: Your flesh is heat resistant. (rF+)
                  | [potion of mutation]
  2728 | D:4      | Gained mutation: Your spells are a little easier to cast,
                  | but a little less powerful. [potion of mutation]
  2728 | D:4      | Gained mutation: You are strong-willed. (Will+) [potion of
                  | mutation]
  2729 | D:4      | HP: 2/57 [poisoned by a scorpion]
  2751 | D:4      | Reached skill level 5 in Short Blades
  2751 | D:4      | Reached skill level 7 in Stealth
  2751 | D:4      | Reached XP level 7. HP: 24/43 MP: 7/7
  3120 | D:4      | Found an ornate altar of the Wu Jian Council.
  3692 | D:4      | Noticed Robin
  4126 | D:4      | Killed Robin
  4258 | D:5      | Entered Level 5 of the Dungeon
  4813 | D:5      | Reached XP level 8. HP: 48/48 MP: 8/8
  5006 | D:5      | Reached skill level 5 in Fighting
  5006 | D:5      | Reached skill level 5 in Dodging
  5006 | D:5      | Reached skill level 8 in Stealth
  6144 | D:6      | Noticed a troll
  6343 | D:6      | Found a glowing golden altar of the Shining One.
  6397 | D:6      | Reached skill level 9 in Stealth
  6502 | D:6      | Noticed Prince Ribbit
  6504 | D:6      | Killed Prince Ribbit
  6505 | D:6      | Reached XP level 9. HP: 55/55 MP: 9/9
  6534 | D:6      | Found a basalt altar of Yredelemnul.
  6786 | D:6      | Found a staircase to the Ecumenical Temple.
  6838 | Temple   | Entered the Ecumenical Temple
  6911 | Temple   | Became a worshipper of Hepliaklqana the Forgotten
  7091 | D:6      | Reached skill level 10 in Stealth
  7148 | D:6      | HP: 1/56 [orc warrior/+0 mace (10)]
  7590 | D:5      | Slain by an orc warrior

Illustrated notes

Levels and vault maps discovered:
D:1:      elethiomel_arrival_quiet, layout_basic, serial_shops,
          nicolae_shop_bloodbath_and_beyond, minmay_hexomino_c4
D:2:      kennysheep_six_static_rooms, layout_basic, serial_shops,
          nicolae_shop_window_shopping,
          hellmonk_ecumenical_altar_pennies_from_heaven, basic_altar,
          serial_bayou, serial_bayou_ford_a, serial_bayou_lagoon_a,
          serial_bayou_pond_c, serial_bayou_pond_b, uniq_terence
D:3:      layout_basic, grunt_temple_overflow_forces_of_nature, serial_shops,
          shop_fountains, nicolae_shop_competitors_out_of_business, uniq_sigmund
D:4:      layout_gridville, nicolae_wu_jian_glorious_leap, uniq_robin
D:5:      layout_cave_pods, minmay_fire_ice_demons
D:6:      layout_basic, yredelemnul_forgotten_temple_becter, old_standard_altar,
          minmay_temple_entry_nine_rooms, uniq_prince_ribbit1
Temple:   eino_wide_crystal_templ

Skill      XL: |  1  2  3  4  5  6  7  8  9 |
---------------+----------------------------+-----
Short Blades   | 3 4 5 7 8 |  8.0
Dodging        | 2 3 4 6 7 |  7.1
Fighting       | 3 4 6 |  6.7
Stealth        | 6 7 9 10 | 10.0
Throwing       | |  2.1

Action                     |  1- 3 |  4- 6 |  7- 9 || total
---------------------------+-------+-------+-------++-------
  Melee: Dagger            |    72 |   116 |   325 ||   513
         Punch             |       |       |     7 ||     7
    Use: Potion            |       |     5 |     7 ||    12
         Scroll            |       |       |    12 ||    12
   Stab: Sleeping          |    12 |    26 |    35 ||    73
         Distracted        |     1 |       |     1 ||     2
 Armour: Robe              |    12 |    15 |    60 ||    87
         Skin              |       |    15 |       ||    15
  Dodge: Dodged            |    48 |    56 |   287 ||   391

Table legend: (Time is in decaauts)
 A = Elapsed time spent in this place.
 B = Non-inter-level travel time spent in this place.
 C = Inter-level travel time spent in this place.
 D = Time resting spent in this place.
 E = Time spent auto-exploring this place.
 F = Levels seen in this place.
 G = Mean time per level.
                   A        B        C        D        E       F      G
               +--------+--------+--------+--------+--------+-----+--------+
         Total |   7468 |   7304 |    164 |   1087 |   5051 |   7 | 1066.9 |
       Dungeon |   7325 |   7171 |    154 |   1087 |   4936 |   6 | 1220.8 |
        Temple |    142 |    132 |     10 |      0 |    115 |   1 |  142.0 |
               +--------+--------+--------+--------+--------+-----+--------+

Top non-repeatable levels by time:
     D:5: 1880 daAuts
     D:4: 1726 daAuts
     D:6: 1019 daAuts
     D:3: 943 daAuts
     D:2: 934 daAuts
     D:1: 821 daAuts
  Temple: 142 daAuts
